Map: Eternal Empire LE

Players

INnoVation - Winner!

  • Race: Terran Terran
  • Spawn Location: 7:00

PtitDrogo

  • Race: Protoss Protoss
  • Spawn Location: 1:00

Event: StayAtHomestory Cup #2

VOD

Have the link to the VOD?

Description

Time

  • Played on: June 11, 2020, 10:20 a.m.
  • Length: 6:15

All games in this series

Show
View Real Time Build Order
Export as new Build Order

INnoVation Terran - Winner!

Build Orders: Liberator Opening, Reaper Expand 

Get SALT Encoding   

  12  0:00  SCV  
  13  0:13  SCV  
  14  0:17  Supply Depot  
  14  0:25  SCV  
  15  0:38  SCV  
  15  0:40  Barracks  
  16  0:44  Refinery  
  16  0:50  SCV  
  17  1:02  SCV  
  18  1:15  SCV  
  19  1:27  Reaper, Orbital Command  
  20  1:41  Command Center  
  20  1:52  SCV  
  20  1:53  Supply Depot  
  21  1:59  Marine  
  22  2:05  SCV  
  23  2:09  Factory  
  23  2:13  Refinery  
  23  2:17  SCV  
  23  2:21  Barracks Reactor  
  24  2:29  SCV  
  25  2:41  SCV  
  26  2:53  SCV, Orbital Command  
  26  2:54  Starport  
  26  2:55  Widow Mine  
  26  2:57  Marine x2  
  31  3:05  SCV  
  32  3:15  Marine x2  
  32  3:17  Widow Mine  
  32  3:19  SCV x2  
  38  3:24  Supply Depot  
  38  3:30  Medivac  
  38  3:32  SCV  
  38  3:33  SCV, Marine x2  
  44  3:37  Supply Depot  
  44  3:38  Factory Tech Lab  
  44  3:45  SCV x2  
  46  3:50  Marine  
  46  3:51  Marine  
  48  3:57  SCV x2, Siege Tank  
  48  3:59  Supply Depot  
  53  4:08  Marine x2  
  55  4:11  SCV x2, Liberator  
  60  4:17  Supply Depot  
  60  4:23  SCV x2  
  62  4:26  Marine x2  
  64  4:34  Siege Tank  
  64  4:35  SCV x2  
  69  4:40  Supply Depot  
  69  4:44  Marine x2  
  71  4:49  SCV x2  
  71  4:50  Command Center  
  71  5:02  Marine x2  
  71  5:05  SCV x2  
  71  5:06  Siege Tank  
  78  5:11  Refinery, Starport Tech Lab  
  78  5:13  Refinery  
  78  5:14  Supply Depot  
  78  5:16  Barracks  
  78  5:17  SCV x2, Barracks  
  78  5:20  Marine x2  
  82  5:25  Supply Depot  
  82  5:29  SCV x2  
  84  5:40  Marine x2  
  84  5:41  SCV x2  
  81  5:53  SCV x2  
  84  5:57  Marine  
  82  6:12  Barracks Tech Lab  
  82  6:13  Barracks Tech Lab  
Show
View Real Time Build Order
Export as new Build Order

PtitDrogo Protoss 

Build Orders: 1 Gate Expand 

Get SALT Encoding   

  12  0:00  Probe  
  13  0:13  Probe  
  14  0:17  Pylon  
  14  0:25  Probe  
  15  0:34  Probe  
  15  0:36  Gateway  
  16  0:42  Probe  
  16  0:48  Assimilator  
  17  0:53  Probe  
  18  1:05  Probe  
  19  1:17  Probe  
  20  1:24  Nexus  
  20  1:33  Cybernetics Core  
  20  1:36  Probe  
  21  1:41  Assimilator  
  21  1:48  Probe  
  21  1:51  Pylon  
  22  1:59  Stalker  
  22  2:00  Probe  
  23  2:10  Warp Gate  
  23  2:12  Probe  
  26  2:20  Robotics Facility  
  26  2:24  Probe  
  27  2:31  Stalker  
  27  2:32  Probe  
  27  2:33  Probe  
  31  2:40  Probe  
  31  2:41  Probe  
  31  2:50  Probe  
  31  2:51  Probe  
  35  3:01  Sentry  
  35  3:03  Probe x2, Observer  
  40  3:12  Gateway  
  40  3:13  Gateway  
  40  3:15  Probe x2  
  42  3:21  Pylon, Observer  
  43  3:27  Probe  
  43  3:28  Probe  
  45  3:40  Probe, Nexus  
  45  3:42  Probe  
  47  3:49  Pylon  
  47  3:51  Probe, Observer  
  47  3:55  Probe  
  50  4:01  Assimilator x2  
  50  4:03  Probe  
  50  4:07  Probe  
  52  4:12  Stalker x2  
  52  4:14  Stalker  
  52  4:15  Probe  
  59  4:32  Pylon  
  59  4:33  Probe x2, Pylon  
  59  4:35  Twilight Council  
  59  4:36  Forge  
  62  4:50  Immortal  
  65  4:55  Nexus  
  65  4:56  Probe  
  66  5:00  Probe  
  66  5:05  Observer  
  66  5:07  Stalker x2  
  66  5:11  Stalker  
  72  5:27  Shield Battery  
  72  5:34  Stalker x3  
  68  6:01  Probe  
  57  6:04  Stalker x3  
Tags
 
Add a new tag
Caveats
  • Supply blocks, unpowered buildings, or Contaminate may cause inaccurate times.
  • Supply counts are checked every 10 seconds.